cohdb
Replays
Latest Replays
All Replays
Popular Replays
Top Player Replays
Match Explorer
How It Works
Community
CoH3 Stats
Reddit
Sign in to upload your games and track your stats! →
Sign in with Steam
Match 45682435
Unlisted
Match 45682435
Overview
Messages
Build Orders
End
Kradschützen Motorcycle Team
Panzergrenadier Squad
Panzergrenadier Squad
Construct Light Support Kompanie
Assault Grenadier Squad
Selects Italian Infantry
Assault Grenadier Squad
Fire Support Elements
Selects Guastatori Squad
Guastatori Squad
Flakvierling Half-track
Panzerjäger Squad
Selects Registered Artillery
Construct Panzerarmee Kommand
Pak 38 Mechanized Group
Rolling9Deep
Saltanyaa
FLOKL
Komi-san
Send_Name
SEALEKS_12_KAPSUL
0
0
Comments
sign in to comment!
No comments posted yet!